 Dungeon Crawl Stone Soup version 0.27.1-1-g398f81649c (webtiles) character file.

Game seed: 4930420091446180967

156 fijero the Chiller (level 5, 0/35 HPs)
             Began as a Human Ice Elementalist on Sept 20, 2021.
             Slain by a gnoll (10 damage)
             ... on level 3 of the Dungeon.
             The game lasted 00:45:12 (3720 turns).

fijero the Chiller (Human Ice Elementalist)         Turns: 3720, Time: 00:45:13

Health: 0/35       AC:  2    Str:  8    XL:     5   Next: 64%
Magic:  5/8        EV: 12    Int: 16    God:
Gold:   133        SH:  0    Dex: 14    Spells: 1/8 levels left

rFire    . . .     SeeInvis .   a - +0 dagger
rCold    . . .     Faith    .   (no shield)
rNeg     . . .     Spirit   .   d - +0 robe
rPois    .         Reflect  .   (no helmet)
rElec    .         Harm     .   (no cloak)
rCorr    .         Rampage  .   (no gloves)
Will     .....                  (no boots)
Stlth    ++........             m - amulet of magic regeneration
HPRegen  0.11/turn              (no ring)
MPRegen  0.36/turn              (no ring)

@: freezing walls
A: no striking features
a: no special abilities


You were on level 3 of the Dungeon.
You visited 1 branch of the dungeon, and saw 4 of its levels.

You collected 133 gold pieces.

Inventory:

Hand Weapons
 a - a +0 dagger (weapon)
 b - a +0 whip of venom
 c - a +0 club
Missiles
 h - 5 javelins
 j - 9 poisoned darts
 p - 122 stones
Armour
 d - a +0 robe (worn)
Jewellery
 m - an amulet of magic regeneration (around neck)
Scrolls
 e - 3 scrolls of identify
 f - a scroll of magic mapping {unknown}
 g - a scroll of teleportation {unknown}
 l - a scroll of fear {unknown}
 o - a scroll of fog {unknown}
 q - a scroll of blinking {unknown}
Potions
 i - a potion of berserk rage {unknown}
 k - a potion of mutation
 n - a potion of brilliance {unknown}


   Skills:
 - Level 2.2 Dodging
 + Level 2.6 Stealth
 * Level 2.2 Spellcasting
 + Level 6.0 Ice Magic


You had one spell level left.
You knew the following spells:

 Your Spells              Type           Power      Damage    Failure   Level
a - Freeze                Ice            84%        1d10      1%          1
b - Frozen Ramparts       Ice            42%        1d6       4%          3
c - Ozocubu's Armour      Ice            21%        N/A       4%          3

Your spell library contained the following spells:

 Spells                   Type           Power      Damage    Failure   Level
 Hailstorm                Conj/Ice       11%        3d5       50%         4


Dungeon Overview and Level Annotations

Branches:
Dungeon (4/15)             Temple (0/1) D:4

Altars:

Annotations:
D:4 3 runed translucent doors


Message History

Press: ? - help, Shift-Dir - straight line, f - gnoll sergeant
Aim: a gnoll sergeant, wielding a +0 spear and wearing a +0 ring mail (65% to hit)
You throw a poisoned dart.
The poisoned dart hits the gnoll sergeant.
The gnoll sergeant is poisoned.
The gnoll sergeant hits you from afar with a +0 spear.
Your icy armour and frozen ramparts will break if you move.
Continue?
Uppercase [Y]es or [N]o only, please.
Your icy armour and frozen ramparts will break if you move.
Continue?
Your icy armour cracks and falls away as you move.
The frozen ramparts melt away as you move.
You see here a +0 spear.
The gnoll sergeant looks more healthy.
An adder comes into view.
The adder hisses angrily.
You see here an adder skeleton.
A gnoll comes into view. It is wielding a +0 flail.
The adder closely misses you. The gnoll hits you with a +0 flail.
* * * LOW HITPOINT WARNING * * *
You feel better. The adder barely misses you. The gnoll closely misses you.
The gnoll sergeant closely misses you. The gnoll barely misses you.
The adder bites you but does no damage.
The adder skeleton bites you but does no damage.
There is a stone staircase leading up here.
The adder barely misses you.
The gnoll sergeant hits you from afar with a +0 spear!
* * * LOW HITPOINT WARNING * * *
The adder closely misses you.
You climb upwards.
There is a stone staircase leading down here.
Casting: Ozocubu's Armour (dangerous; 4% risk of failure)
Confirm with . or Enter, or press ? or * to list all spells.
Casting: Frozen Ramparts (dangerous; 4% risk of failure)
Press: ? - help, Dir - look around, f - activate A stone staircase leading down.
The walls around you are covered in ice.
The wall freezes the gnoll.
The gnoll hits you with a +0 flail!
You die...

###### .....#
.....###########################
.....+.........S@g.............#
.....##≈≈≈######.#############.#
.....#≈≈≈≈...# #.# #......#.#
.....≈≈≈≈≈...###.######.####.#.#
.....≈≈≈≈≈................##.#.#
####≈≈≈≈≈#...###.######.#.##.#.#
# ##≈≈≈≈≈#.### #.# #.#.##.#.# #
#≈≈≈≈≈##.#####.## #.#.##.#.# #
#≈≈≈≈≈#.........# #.#.##.#.#


You could see a gnoll and an adder.

Vanquished Creatures
  An iguana (D:2)
  A hound skeleton (D:4)
  A gnoll (D:4)
  3 adders
  2 worms (D:2)
  2 orcs (D:3)
  8 bats
  7 endoplasms
  3 giant cockroaches
  7 goblins
  2 hobgoblins
  8 jackals
  3 quokkas
  7 ball pythons
  3 frilled lizards
  4 kobolds
  6 rats
68 creatures vanquished.

Notes
Turn   | Place    | Note
-------+----------+-------------------------------------------
     0 | D:1      | fijero the Human Ice Elementalist began the quest for the
                  | Orb.
     0 | D:1      | Reached XP level 1. HP: 13/13 MP: 3/3
   156 | D:1      | Reached XP level 2. HP: 19/19 MP: 1/5
   730 | D:1      | Reached XP level 3. HP: 24/24 MP: 4/6
  1166 | D:2      | Reached skill level 5 in Ice Magic
  1166 | D:2      | Reached XP level 4. HP: 24/30 MP: 2/7
  1170 | D:2      | Learned a level 3 spell: Frozen Ramparts
  1174 | D:2      | Learned a level 3 spell: Ozocubu's Armour
  2877 | D:3      | Reached XP level 5. HP: 35/35 MP: 5/8
  3347 | D:4      | Found a runed translucent gate.
  3347 | D:4      | Found a runed translucent gate.
  3347 | D:4      | Found a runed translucent gate.
  3446 | D:4      | Found a staircase to the Ecumenical Temple.
  3642 | D:4      | Reached skill level 6 in Ice Magic
  3720 | D:3      | Slain by a gnoll

Illustrated notes

Levels and vault maps discovered:
D:1:      amcnicky_arrival_underground_garden, layout_rooms
D:2:      layout_rooms, corner_web_ring
D:3:      wander_river, layout_basic
D:4:      layout_loops_cross, minmay_temple_entry_glass, gammafunk_ghost_icy

Skill      XL: |  1  2  3  4  5 |
---------------+----------------+-----
Ice Magic      | 5 6 |  6.0
Dodging        | |  2.2
Stealth        | |  2.6
Spellcasting   | |  2.2

Action                   |  1- 3 |  4- 6 || total
-------------------------+-------+-------++-------
Melee: Dagger            |    11 |    18 ||    29
       Club              |     1 |       ||     1
       Whip              |       |    10 ||    10
Throw: Stone             |     7 |     2 ||     9
       Dart              |       |     3 ||     3
 Cast: Freeze            |    46 |    36 ||    82
       Frozen Ramparts   |       |     6 ||     6
       Ozocubu's Armour  |       |     2 ||     2
  Use: Scroll            |       |     1 ||     1
       Potion            |       |     2 ||     2
 Stab: Sleeping          |     2 |     5 ||     7
Armor: Robe              |     9 |    20 ||    29
Dodge: Dodged            |    45 |    33 ||    78
